 Dungeon Crawl Stone Soup version 0.30.1 (webtiles) character file.

Game seed: 7797549393225077591

105 Fodor the Covered (level 4, -6/40 HPs)
             Began as a Minotaur Fighter on July 12, 2023.
             Mangled by a river rat (7 damage)
             ... summoned by Eustachio
             ... on level 4 of the Dungeon.
             The game lasted 00:12:09 (2576 turns).

Fodor the Covered (Minotaur Fighter)                Turns: 2576, Time: 00:12:11

Health: -6/40      AC:  7    Str: 22      XL:     4   Next: 53%
Magic:  3/3        EV:  9    Int:  5      God:
Gold:   306        SH:  4    Dex:  8 (10) Spells: 3/3 levels left

rFire   + . .        a - +0 long sword
rCold   x . .        c - +0 buckler
rNeg    . . .        b - +0 scale mail
rPois   .            (helmet restricted)
rElec   .            (no cloak)
rCorr   .            (no gloves)
SInv    .            (no boots)
Will    .....        (no amulet) Stlth
                     g - ring of fire
HPRegen 0.26/turn    (no ring)
MPRegen 0.08/turn

%: no passive effects
@: mighty
A: horns 2, retaliatory headbutt
a: no special abilities


You were on level 4 of the Dungeon.
You visited 1 branch of the dungeon, and saw 4 of its levels.

You collected 306 gold pieces.

Inventory:

Hand Weapons
 a - a +0 long sword (weapon)
Missiles
 e - 6 poisoned darts (quivered)
Armour
 b - a +0 scale mail (worn)
 c - a +0 buckler (worn)
Jewellery
 g - a ring of fire (left hand)
 q - a ring of magical power
 s - a +6 ring of intelligence
Wands
 u - a wand of charming (7)
Scrolls
 f - a scroll of poison {unknown}
 h - a scroll of amnesia {unknown}
 i - 3 scrolls of identify {unknown}
 j - 2 scrolls of fear {unknown}
 m - a scroll of enchant weapon {unknown}
 t - a scroll of fog {unknown}
 v - a scroll of teleportation {unknown}
Potions
 k - 2 potions of degeneration {unknown}
 l - a potion of berserk rage {unknown}
 n - a potion of mutation {unknown}
 o - a potion of curing {unknown}
 p - a potion of attraction {unknown}
 r - 2 potions of flight {unknown}


   Skills:
 + Level 4.1 Fighting
 + Level 3.4 Long Blades
 + Level 0.2 Throwing
 + Level 4.8 Armour
 + Level 0.2 Dodging
 + Level 0.1 Stealth
 + Level 4.5 Shields


You had 3 spell levels left.
You didn't know any spells.
Your spell library contained the following spells:

 Spells                   Type           Power      Damage    Failure   Level
 Static Discharge         Conj/Air       0%         2-2/arc   94%         2
 Dazzling Flash           Conj/Hex       0%         N/A       99%         3
 Airstrike                Air            0%         2d(0-16)  100%        4
 Summon Lightning Spire   Summ/Air       0%         N/A       100%        4
 Agony                    Necr           0%         N/A       100%        5
 Silence                  Hex/Air        0%         N/A       100%        5


Dungeon Overview and Level Annotations

Branches:
Dungeon (4/15)
 Temple: D:4-7

Altars:

Annotations:
D:4 Eustachio


Innate Abilities, Weirdness & Mutations

You have a pair of horns on your head.
You reflexively headbutt those who attack you in melee.


Message History

Something hits you.
Okay, then.
You feel very mighty all of a sudden. The quasit closely misses you.
The quasit completely misses you. The quasit closely misses you.
You hear a zap.
A puff of flame appears from out of thin air!
The puff of flame hits you. You resist.
You hit the quasit.
The quasit is almost dead.
The quasit bites you but does no damage.
The quasit closely misses you. You block the quasit's attack.
You hear a zap.
A puff of flame appears from out of thin air!
You block the puff of flame.
The quasit bites you but does no damage.
The quasit claws you but does no damage.
The quasit closely misses you.
You slash the quasit!
You kill the quasit!
The quasit disappears in a puff of smoke!
You hear a zap.
A puff of flame appears from out of thin air!
The puff of flame hits you. You resist.
You miss something. Something hits you.
* * * LOW HITPOINT WARNING * * *
Something hits you.
* * * LOW HITPOINT WARNING * * *
You block the river rat's attack.
You barely miss something. Something hits you!
* * * LOW HITPOINT WARNING * * *
The river rat barely misses you. You furiously retaliate!
You headbutt the river rat! You miss something.
You hear a zap.
A puff of flame appears from out of thin air!
The puff of flame hits you. You resist.
* * * LOW HITPOINT WARNING * * *
The river rat bites you!
You die...

#########
#######@.......
......r{#####..
#### #######.#
#....# #... #.#
#....# ###. #.#
#....# ##. #.#
#....# #.. #.##
#....# ##.#
#..############...
#............)..##


You could see a river rat (summoned).

Vanquished Creatures
  Ijyb (D:3)
  An adder (D:3)
  7 ball pythons
  9 endoplasms
  2 giant cockroaches (D:1)
  5 goblins
  2 hobgoblins
  4 jackals (D:3)
  5 quokkas
  6 bats
  6 frilled lizards
  8 kobolds
  11 rats
67 creatures vanquished.

Notes
Turn   | Place    | Note
-------+----------+-------------------------------------------
     0 | D:1      | Fodor the Minotaur Fighter began the quest for the Orb.
     0 | D:1      | Reached XP level 1. HP: 19/19 MP: 0/0
   139 | D:1      | Reached XP level 2. HP: 27/27 MP: 1/1
   391 | D:1      | Noticed a golden eye
   424 | D:1      | Found a faded altar of an unknown god.
   426 | D:1      | Noticed an eye of devastation
   427 | D:1      | Noticed a shining eye
   427 | D:1      | Noticed a golden eye
   475 | D:1      | Reached XP level 3. HP: 9/33 MP: 2/2
  1842 | D:3      | Reached XP level 4. HP: 30/40 MP: 3/3
  2079 | D:3      | Noticed Ijyb
  2093 | D:3      | Killed Ijyb
  2556 | D:4      | Noticed Eustachio
  2575 | D:4      | HP: 2/40 [something (9)]
  2576 | D:4      | Mangled by a river rat

Illustrated notes

Levels and vault maps discovered:
D:1:      dpeg_arrival_lava_altar, layout_rooms,
          hellmonk_ecumenical_altar_watching_god, st_stairs_9,
          minmay_split_cup_small
D:2:      layout_loops_ring, chequers_garden
D:3:      layout_basic, minmay_misc_feat_pillars,
          minmay_fractal_squares_gapless_5, uniq_ijyb
D:4:      layout_loops_corners, minmay_temple_entry_waves,
          serial_co_window_serial, co_window_of_opportunity_a,
          co_window_paths_a, co_window_paths_a, co_window_paths_a,
          co_window_paths_a, co_window_paths_b, co_window_corner_a,
          co_window_cross_2, co_window_2corner, co_window_unsneaky_path_d,
          co_window_broadway_b, co_window_paths_c, co_window_2corner,
          co_window_corner_b, glass_columns_a, glass_columns_a, glass_columns_a,
          glass_columns_c, glass_columns_b, grunt_decor_cap, uniq_eustachio,
          uniq_robin

Skill      XL: |  1  2  3 |
---------------+----------+-----
Shields        | 4 |  4.5
Fighting       | 4 |  4.1
Armour         | 4 |  4.8
Long Blades    | 3 |  3.4
Throwing       | |  0.2
Dodging        | |  0.2
Stealth        | |  0.1

Action                     |  1- 3 |  4- 6 || total
---------------------------+-------+-------++-------
  Melee: Long sword        |    99 |    56 ||   155
         Headbutt          |    10 |     4 ||    14
  Throw: Dart              |     9 |       ||     9
    Use: Potion            |       |     1 ||     1
 Armour: Scale mail        |    57 |    73 ||   130
  Dodge: Dodged            |    58 |    56 ||   114
  Block: Buckler           |    27 |    20 ||    47
